 Dungeon Crawl Stone Soup version 0.29-a0-72-g1732ff48e7 (webtiles) character file.

Game seed: 14619423284116085026

739 bande the Chopper (level 7, -4/44 HPs)
             Began as a Gargoyle Fighter on Feb 4, 2022.
             Slain by a gnoll sergeant (9 damage)
             ... on level 5 of the Dungeon.
             The game lasted 00:09:21 (6143 turns).

bande the Chopper (Gargoyle Fighter)                Turns: 6143, Time: 00:09:22

Health: -4/44      AC: 12    Str: 20    XL:     7   Next: 75%
Magic:  7/7        EV:  9    Int:  8    God:
Gold:   138        SH:  4    Dex: 11    Spells: 6/6 levels left

rFire   . . .      SeeInvis .   a - +1 war axe
rCold   . . .      Faith    .   c - +0 buckler
rNeg    + . .      Spirit   .   b - +0 scale mail
rPois   ∞          Reflect  .   (no helmet)
rElec   +          Harm     .   (no cloak)
rCorr   .          Rampage  .   (no gloves)
Will    .....                   (no boots)
Stlth   ..........              (no amulet)
HPRegen 0.14/turn               (no ring)
MPRegen 0.10/turn               (no ring)

@: no status effects
A: sickness immunity, AC +4, negative energy resistance 1, electricity
resistance, torment resistance 1, petrification resistance
a: no special abilities


You were on level 5 of the Dungeon.
You visited 1 branch of the dungeon, and saw 5 of its levels.
You also visited: Sewer.

You collected 138 gold pieces.

Inventory:

Hand Weapons
 a - a +1 war axe (weapon)
 r - a +0 flail
Armour
 b - a +0 scale mail (worn)
 c - a +0 buckler (worn)
Jewellery
 e - a ring of wizardry
 o - an amulet of magic regeneration
Wands
 m - a wand of flame (24)
 n - a wand of iceblast (14)
 p - a wand of charming (12)
Scrolls
 s - 3 scrolls of fog
Potions
 d - 2 potions of might
 f - a potion of magic
 g - a potion of berserk rage
 h - a potion of heal wounds
 i - 3 potions of curing
 j - 2 potions of ambrosia
 k - 3 potions of flight
 l - a potion of brilliance {unknown}
 q - a potion of lignification {unknown}


   Skills:
 + Level 4.9 Fighting
 + Level 5.5 Axes
 + Level 5.3 Armour
 + Level 4.2 Shields
 * Level 1.3 Evocations


You had 6 spell levels left.
You didn't know any spells.
Your spell library contained the following spells:

 Spells                   Type           Power      Damage    Failure   Level
 Freeze                   Ice            0%         1d3       83%         1
 Frozen Ramparts          Ice            0%         1d2       99%         3
 Cause Fear               Hex            0%         N/A       100%        4
 Hailstorm                Conj/Ice       0%         3d3       100%        4
 Dragon Form              Tmut           0%         N/A       100%        7
 Dragon's Call            Summ           0%         N/A       100%        9


Dungeon Overview and Level Annotations

Branches:
Dungeon (5/15)              Sewer (visited)
 Temple: D:4-7

Altars:

Shops:
D:5 =


Innate Abilities, Weirdness & Mutations

You are immune to sickness and miasma.
Your stone body is resilient. (AC +4)
You are immune to poison.
You resist negative energy. (rN+)
You are resistant to electric shocks. (rElec)
You are resistant to unholy torment.
You are immune to petrification.


Message History

The orc priest is heavily wounded.
The orc priest hits you but does no damage.
You hit the orc priest but do no damage.
The orc priest is heavily wounded.
The orc priest barely misses you.
The jelly jiggles.
You hit the orc priest.
The orc priest is severely wounded.
The orc priest barely misses you.
The orc priest hits you with a +0 short sword.
* * * LOW HITPOINT WARNING * * *
You barely miss the orc priest.
The orc priest is severely wounded.
The orc priest hits you but does no damage.
You closely miss the orc priest.
The orc priest is severely wounded.
The orc priest hits you but does no damage.
You closely miss the orc priest.
The orc priest is severely wounded.
The orc priest looks satisfied for a moment.
You slash the orc priest!
You kill the orc priest!
An orc wizard appears from thin air!
You hit the orc wizard.
The orc wizard is lightly wounded.
The orc wizard barely misses you.
You closely miss the orc wizard.
The orc wizard is lightly wounded.
The orc wizard hits you but does no damage.
The orc wizard closely misses you.
You closely miss the orc wizard.
The orc wizard is lightly wounded.
The orc wizard hits you with a +0 dagger.
* * * LOW HITPOINT WARNING * * *
You barely miss the orc wizard.
The orc wizard is lightly wounded.
The orc wizard hits you with a +0 dagger.
* * * LOW HITPOINT WARNING * * *
The gnoll sergeant hits you from afar with a +0 spear!
You die...

##'#........# #......
#.#........# #..<...
###########.#........#
#......
#......∩.##(#........#
#......
####........##.#........#
##.....
...'........'..#........#
#..<..
####........####.########
#..... ########## #)#
###### #@# ### #o# ..#
#g# #.#


ZJg ... ####. . .. # You could see a gnoll sergeant, a jelly, an orc wizard, a
gnoll and a bullfrog skeleton.

Vanquished Creatures
  Eustachio (D:4)
  A phantom (D:4)
  2 scorpions (D:4)
  An orc priest (D:5)
  A centaur skeleton (D:5)
  2 orc wizards (D:5)
  A howler monkey zombie (D:5)
  5 gnolls
  11 adders
  3 river rats (Sewer)
  3 adder skeletons (D:4)
  2 dart slugs
  7 orcs
  10 endoplasms
  6 giant cockroaches
  8 goblins
  5 hobgoblins
  2 jackals (D:2)
  8 kobolds
  6 quokkas
  11 ball pythons
  5 bats
  9 frilled lizards
  19 rats
129 creatures vanquished.

Notes
Turn   | Place    | Note
-------+----------+-------------------------------------------
     0 | D:1      | bande the Gargoyle Fighter began the quest for the Orb.
     0 | D:1      | Reached XP level 1. HP: 14/14 MP: 1/1
   305 | D:1      | Reached XP level 2. HP: 7/19 MP: 2/2
  1005 | D:1      | Reached XP level 3. HP: 24/24 MP: 3/3
  1822 | D:2      | Found a faded altar of an unknown god.
  1952 | D:3      | Reached XP level 4. HP: 13/29 MP: 4/4
  2237 | D:3      | Found a glowing drain.
  2242 | Sewer    | Entered a sewer
  2557 | Sewer    | Reached XP level 5. HP: 22/33 MP: 5/5
  3969 | D:4      | Reached XP level 6. HP: 19/38 MP: 6/6
  4745 | D:4      | Noticed Eustachio
  4764 | D:4      | Reached XP level 7. HP: 31/44 MP: 7/7
  4795 | D:5      | Entered Level 5 of the Dungeon
  4802 | D:5      | Reached skill level 5 in Armour
  4803 | D:5      | Reached skill level 5 in Axes
  5272 | D:4      | Killed Eustachio
  5829 | D:5      | Reached skill level 1 in Evocations
  6064 | D:5      | Found Cepterio's Jewellery Shoppe.
  6143 | D:5      | Slain by a gnoll sergeant

Illustrated notes

Levels and vault maps discovered:
D:1:      dpeg_arrival_rooms_b, layout_basic, minmay_quantized
D:2:      minmay_skewed_foursquare, layout_basic, ebering_ecumenical_altar_box,
          mrwooster_statue_mirror
D:3:      layout_basic, gup_sewer_entry_spiral
D:4:      layout_basic, serial_park_tiny_1, kennysheep_generic_room_2,
          uniq_eustachio
D:5:      layout_basic, temple_statues, serial_shops, shop, uniq_prince_ribbit1

Skill      XL: |  1  2  3  4  5  6  7 |
---------------+----------------------+-----
Axes           | 2 3 4 5 |  5.5
Armour         | 4 5 |  5.3
Fighting       | 4 |  4.9
Shields        | 4 |  4.2
Evocations     | 1 |  1.3

Action                   |  1- 3 |  4- 6 |  7- 9 || total
-------------------------+-------+-------+-------++-------
Melee: War axe           |   115 |   198 |    88 ||   401
  Use: Scroll            |     4 |     9 |       ||    13
Armor: Scale mail        |    57 |    99 |    81 ||   237
Dodge: Dodged            |    72 |    84 |    44 ||   200
Block: Buckler           |    26 |    46 |    25 ||    97

Table legend: (Time is in decaauts)
 A = Elapsed time spent in this place.
 B = Non-inter-level travel time spent in this place.
 C = Inter-level travel time spent in this place.
 D = Time resting spent in this place.
 E = Time spent auto-exploring this place.
 F = Levels seen in this place.
 G = Mean time per level.
                   A        B        C        D        E       F      G
               +--------+--------+--------+--------+--------+-----+--------+
         Total |   6377 |   6353 |     24 |   1958 |   3228 |   6 | 1062.8 |
       Dungeon |   5582 |   5558 |     24 |   1958 |   2612 |   5 | 1116.4 |
         Sewer |    794 |    794 |      0 |      0 |    616 |   1 |  794.0 |
               +--------+--------+--------+--------+--------+-----+--------+

Top non-repeatable levels by time:
     D:3: 1517 daAuts
     D:4: 1253 daAuts
     D:1: 1182 daAuts
     D:5: 843 daAuts
   Sewer: 794 daAuts
     D:2: 786 daAuts
